 Dungeon Crawl Stone Soup version 0.29.1-1-gd02db6906a (webtiles) character file.

Game seed: 9320478115227856967

66 Ashen the Chiller (level 3, -9/26 HPs)
             Began as a Demonspawn Ice Elementalist on Sept 28, 2022.
             Mangled by a gnoll
             ... wielding a +0 flail
              (10 damage)
             ... on level 3 of the Dungeon.
             The game lasted 00:02:38 (2086 turns).

Ashen the Chiller (Demonspawn Ice Elementalist)     Turns: 2086, Time: 00:02:38

Health: -9/26      AC:  5    Str:  8    XL:     3   Next: 96%
Magic:  4/7        EV: 11    Int: 18    God:
Gold:   148        SH:  0    Dex: 13    Spells: 0/7 levels left

rFire   . . .      SeeInvis .   m - +0 flail
rCold   . . .      Faith    .   (no shield)
rNeg    . . .      Spirit   .   l - +0 leather armour
rPois   .          Reflect  .   (no helmet)
rElec   .          Harm     .   (no cloak)
rCorr   .          Rampage  .   (no gloves)
Will    .....                   (no boots)
Stlth   ++........              (no amulet)
HPRegen 0.08/turn               o - ring of wizardry
MPRegen 0.10/turn               a - ring of flight

@: freezing walls, flying
A: molten scales 1
a: no special abilities


You were on level 3 of the Dungeon.
You visited 1 branch of the dungeon, and saw 3 of its levels.

You collected 148 gold pieces.

Inventory:

Hand Weapons
 m - a +0 flail (weapon)
Missiles
 k - 2 poisoned darts
Armour
 l - a +0 leather armour (worn)
Jewellery
 a - a ring of flight (right hand)
 o - a ring of wizardry (left hand)
Scrolls
 c - 2 scrolls of identify {unknown}
 e - a scroll of butterflies {unknown}
 g - a scroll of enchant armour {unknown}
 i - 2 scrolls of brand weapon {unknown}
 j - a scroll of teleportation {unknown}
 n - a scroll of poison {unknown}
Potions
 b - a potion of magic
 d - 3 potions of curing {unknown}
 f - 2 potions of flight {unknown}
 h - a potion of heal wounds {unknown}


   Skills:
 + Level 1.1 Fighting
 + Level 2.1 Dodging
 + Level 2.1 Stealth
 * Level 2.8 Spellcasting
 * Level 4.0 Ice Magic


You couldn't memorise any spells.
You knew the following spells:

 Your Spells              Type           Power      Damage    Failure   Level
a - Freeze                Ice            68%        1d8       1%          1
b - Frozen Ramparts       Ice            34%        1d6       6%          3
c - Ozocubu's Armour      Ice            17%        N/A       6%          3

Your spell library contained the following spells:

 Spells                   Type           Power      Damage    Failure   Level
 Hailstorm                Conj/Ice       9%         3d4       38%         4


Dungeon Overview and Level Annotations

Branches:
Dungeon (3/15)

Altars:


Innate Abilities, Weirdness & Mutations

You are partially covered in molten scales. (AC +2)


Message History

Press: ? - help, Dir - look around, f - activate The walls around you are covered in ice.
The kobold shouts!
The wall freezes the gnoll.
The wall freezes the quokka but does no damage.
You hit the gnoll.
You kill the gnoll!
The wall freezes the quokka.
The quokka bites you but does no damage.
The wall freezes the gnoll.
The wall freezes the kobold but does no damage.
The wall freezes the quokka but does no damage.
The quokka bites you.
You completely miss the gnoll.
The gnoll is lightly wounded.
The wall freezes the quokka.
You kill the quokka!
The wall freezes the gnoll.
The gnoll completely misses you.
The wall freezes the gnoll.
The gnoll barely misses you.
The wall freezes the kobold.
You barely miss the gnoll. Your punch misses the gnoll.
The gnoll is moderately wounded.
The wall freezes the gnoll.
The gnoll closely misses you.
The wall freezes the gnoll.
The gnoll hits you from afar with a +0 halberd!
The wall freezes the gnoll but does no damage.
The gnoll hits you from afar with a +0 spear.
The wall freezes the kobold.
You kill the kobold!
You barely miss the gnoll.
The gnoll is severely wounded.
The wall freezes the gnoll.
The gnoll hits you from afar with a +0 spear.
The wall freezes the gnoll but does no damage.
The gnoll hits you with a +0 flail!
* * * LOW HITPOINT WARNING * * *
The wall freezes the gnoll.
The gnoll misses you.
The wall freezes the gnoll.
The gnoll hits you but does no damage.
The wall freezes the gnoll.
The gnoll hits you with a +0 flail!
You die...

## #> .... #.############
.... #........#...# K....
#...###.#.#.# .....
#....<......# ......
#####.#.)...#<#.###......
#.[.....#.†......)g......
#.#.#.#.#.....†.@g.......
#.#...#......##.##g..##.#
#.#.###...#..##.# #..#
#.#.#.+......##.# ?...
#.#.#.#...##.##.# .#...
#.#.......##.##.# .# .#
#.###.....##.##.# . .
#...#.....##.##.# ..
....#........#


You could see 3 gnolls.

Vanquished Creatures
  2 adders (D:2)
  A gnoll (D:3)
  4 bats
  4 endoplasms
  6 hobgoblins
  4 jackals (D:1)
  4 kobolds
  2 quokkas
  2 ball pythons (D:3)
  A frilled lizard (D:1)
  3 goblins
  4 rats
37 creatures vanquished.

Notes
Turn   | Place    | Note
-------+----------+-------------------------------------------
     0 | D:1      | Ashen the Demonspawn Ice Elementalist began the quest for
                  | the Orb.
     0 | D:1      | Reached XP level 1. HP: 13/13 MP: 3/3
   310 | D:1      | Gained mutation: You are partially covered in molten
                  | scales. (AC +2) [demonic ancestry]
   310 | D:1      | Reached XP level 2. HP: 20/20 MP: 3/5
  1362 | D:2      | Reached skill level 1 in Fighting
  1362 | D:2      | Reached XP level 3. HP: 26/26 MP: 3/6
  1366 | D:2      | Reached skill level 4 in Ice Magic
  1374 | D:2      | Learned a level 3 spell: Frozen Ramparts
  1378 | D:2      | Learned a level 3 spell: Ozocubu's Armour
  2086 | D:3      | HP: 1/26 [gnoll/+0 flail (7)]
  2086 | D:3      | Mangled by a gnoll

Illustrated notes

Levels and vault maps discovered:
D:1:      dpeg_arrival_refuge, layout_loops_ring,
          wander_ebering_terrifying_dragon_lair
D:2:      layout_basic
D:3:      layout_basic, ebering_ecumenical_altar_box

Skill      XL: |  1  2  3 |
---------------+----------+-----
Fighting       | 1 |  1.1
Dodging        | 2 |  2.1
Stealth        | 2 |  2.1
Ice Magic      | 4 |  4.0
Spellcasting   | |  2.8

Action                   || total
-------------------------++-------
Melee: Unarmed           ||    34
       Flail             ||     8
 Cast: Freeze            ||    41
       Frozen Ramparts   ||     1
 Stab: Sleeping          ||     5
       Distracted        ||     1
Armor: Robe              ||    15
       Leather armour    ||     7
Dodge: Dodged            ||    46
